 Dungeon Crawl Stone Soup version 0.24.1-14-gf8d2b509d9 (webtiles) character file.

Game seed: 17934407643179910344, levelgen mode: deterministic

81 Hugehornet the Sneak (level 4, -2/27 HPs)
             Began as an Octopode Enchanter on May 20, 2020.
             Slain by a leopard gecko (4 damage)
             ... on level 1 of the Dungeon.
             The game lasted 00:03:02 (2099 turns).

Hugehornet the Sneak (Octopode Enchanter)           Turns: 2099, Time: 00:03:02

Health: -2/27      AC:  1    Str:  7    XL:     4   Next: 42%
Magic:  2/7        EV: 13    Int: 18    God:
Gold:   102        SH:  0    Dex: 12    Spells: 1/7 levels left

rFire    . . .     SeeInvis .   a - +1 dagger
rCold    . . .     Gourm    .   (no shield)
rNeg     . . .     Faith    .   (helmet restricted)
rPois    .         Spirit   .   (no amulet)
rElec    .         Reflect  .   (no ring)
rCorr    .         Harm     .   (no ring)
MR       .....                  (no ring)
Stlth    ++++......             (no ring)
HPRegen  0.09/turn              (no ring)
MPRegen  0.10/turn              (no ring)
                                (no ring)
                                (no ring)

@: no status effects
A: almost no armour, stealthy swim, amphibious, 8 rings, constrict 8, camouflage
1, gelatinous body 1
a: no special abilities


You were on level 1 of the Dungeon.
You were not hungry.

You visited 1 branch of the dungeon, and saw 2 of its levels.

You collected 102 gold pieces.

Inventory:

Hand Weapons
 a - a +1 dagger (weapon)
 i - a +0 rapier
Scrolls
 e - a scroll of enchant weapon {unknown}
 k - a scroll of fog {unknown}
 l - a scroll of teleportation {unknown}
Potions
 b - a potion of lignification {unknown}
 d - 2 potions of curing {unknown}
 f - a potion of invisibility {unknown}
 g - a potion of might {unknown}
 h - a potion of magic {unknown}
 j - a potion of heal wounds {unknown}
Comestibles
 c - 3 rations


   Skills:
 - Level 1.0 Short Blades
 - Level 2.0 Dodging
 + Level 7.2 Stealth
 - Level 2.0 Spellcasting
 - Level 3.0 Hexes


You had one spell level left.
You knew the following spells:

 Your Spells              Type           Power        Failure   Level  Hunger
a - Corona                Hex            ##.....      5%          1    #......
b - Ensorcelled Hibernat  Hex/Ice        #.....       14%         2    ###....
c - Confuse               Hex            ##......     16%         3    ###....

Your spell library contained the following spells:

 Spells                   Type           Power        Failure   Level  Hunger
 Tukima's Dance           Hex            ##......     16%         3    ###....
 Dazzling Spray           Conj/Hex       #.....       28%         3    ###....


Dungeon Overview and Level Annotations

Branches:
Dungeon (2/15)

Altars:


Innate Abilities, Weirdness & Mutations

You cannot wear most types of armour.
You are very stealthy in the water. (Stealth+)
You are amphibious.
You can wear up to eight rings at the same time.
You can use your tentacles to constrict eight enemies at once.
Your skin changes colour to match your surroundings (Stealth+).
Your rubbery body absorbs attacks. (AC +1, EV +1)


Message History

You constrict the orc priest. The orc priest completely misses you.
You hit the orc priest but do no damage.
The orc priest is severely wounded.
You constrict the orc priest. You hit the orc priest.
The orc priest is almost dead.
You constrict the orc priest.
You kill the orc priest!
Your Stealth skill increases to level 7!
You have reached level 4!
A rat comes into view.
There is a stone staircase leading up here.
The leopard gecko barely misses you.
You climb upwards.
There is a stone staircase leading down here.
You hit the leopard gecko. Your grab misses the leopard gecko.
Your squeeze misses the leopard gecko.
The leopard gecko is lightly wounded.
The leopard gecko bites you.
You die...

.....#.#.##.....#
#.......#
.....#.#.##.....#
#.##.##.#
.....#.#........#
#.##..#.#
.##....####.....#
#.###.#.#
.....(.# #.....#
#.###.#.#
.#####.#
#########.......#
## #.#
#.......#####.###
# #.#
#.#####.#####.#
## #.#
#.##..@.......#
.# #.#
#.##.##l#######
.# #.####....##.#
.# #.....###....#
.# #####.# #.####
.#### #.###.#
....# ##...##
.##.# #####
..#.####


You could see a leopard gecko.

Vanquished Creatures
  An orc priest (D:2)
  An adder (D:2)
  An ooze (D:1)
  A worm (D:2)
  A leopard gecko (D:1)
  An orc (D:2)
  4 giant cockroaches (D:2)
  2 goblins (D:2)
  3 hobgoblins
  3 jackals (D:1)
  4 kobolds
  6 bats
  2 frilled lizards (D:2)
  3 rats
33 creatures vanquished.

Notes
Turn   | Place    | Note
-------+----------+-------------------------------------------
     0 | D:1      | Hugehornet the Octopode Enchanter began the quest for the
                  | Orb.
     0 | D:1      | Reached XP level 1. HP: 11/11 MP: 3/3
   490 | D:1      | Reached XP level 2. HP: 17/17 MP: 5/5
   573 | D:1      | Reached skill level 5 in Stealth
   863 | D:2      | Reached XP level 3. HP: 17/21 MP: 6/6
   932 | D:2      | Reached skill level 6 in Stealth
  1738 | D:2      | HP: 1/21 [orc priest/divine providence (13)]
  2024 | D:1      | Learned a level 2 spell: Ensorcelled Hibernation
  2028 | D:1      | Learned a level 3 spell: Confuse
  2091 | D:2      | HP: 1/21 [orc priest/+0 hand axe (2)]
  2095 | D:2      | Reached skill level 7 in Stealth
  2095 | D:2      | Reached XP level 4. HP: 1/27 MP: 2/7
  2099 | D:1      | Slain by a leopard gecko

Levels and vault maps discovered:
D:1:      dpeg_arrival_simpleton_b, layout_loops_cross
D:2:      cheibrodos_pilgrimage, layout_rooms, uniq_sigmund

Skill      XL: |  1  2  3 |
---------------+----------+-----
Stealth        | 5 7 |  7.2
Short Blades   | |  1.0
Dodging        | |  2.0
Spellcasting   | |  2.0
Hexes          | |  3.0

Action                   |  1- 3 |  4- 6 || total
-------------------------+-------+-------++-------
Melee: Dagger            |    80 |     1 ||    81
       Constrict         |    13 |       ||    13
       Tentacles         |     9 |       ||     9
 Cast: Ensorcelled Hiber |     2 |       ||     2
       Corona            |     1 |       ||     1
 Stab: Sleeping          |    14 |       ||    14
  Eat: Ration            |     1 |       ||     1
       Chunk             |     1 |       ||     1
Armor: Skin              |     4 |       ||     4
Dodge: Dodged            |    44 |     1 ||    45
